Map: Tokamak

Players

Jumy (ForJumy) - Winner!

  • Race: Protoss Protoss
  • League: Grandmaster
  • Spawn Location: 1:00

Mixu

  • Race: Zerg Zerg
  • League: Master
  • Spawn Location: 7:00

Event: HomeStory Cup XXVII

VOD

Have the link to the VOD?

Description

Time

  • Played on: June 27, 2025, 2:19 p.m.
  • Length: 6:05

All games in this series

Show
View Real Time Build Order
Export as new Build Order

Jumy Protoss - Winner!

Build Orders: 1 Gate Expand, Oracle Opening, Zealot Archon, Archon Drop 

Get SALT Encoding   

  12  0:00  Probe  
  13  0:12  Probe  
  14  0:17  Pylon  
  14  0:24  Probe  
  15  0:33  Probe  
  15  0:38  Gateway  
  15  0:42  Probe  
  16  0:47  Assimilator  
  17  0:50  Probe  
  18  1:02  Probe  
  19  1:14  Probe  
  20  1:22  Nexus  
  20  1:33  Cybernetics Core  
  20  1:35  Probe  
  21  1:41  Assimilator  
  21  1:47  Probe  
  21  1:49  Pylon  
  22  1:59  Probe  
  22  2:00  Adept  
  23  2:12  Probe  
  26  2:19  Stargate  
  26  2:22  Adept  
  26  2:25  Probe  
  26  2:28  Warp Gate  
  27  2:31  Probe  
  30  2:37  Probe  
  30  2:39  Probe  
  32  2:49  Probe x2  
  34  2:53  Stalker  
  36  2:59  Oracle  
  36  3:01  Probe  
  36  3:05  Probe  
  41  3:13  Probe  
  41  3:16  Gateway  
  43  3:20  Shield Battery, Probe  
  43  3:25  Probe  
  44  3:32  Probe  
  44  3:33  Robotics Facility  
  45  3:41  Probe  
  42  3:42  Assimilator  
  42  3:44  Assimilator  
  42  3:45  Pylon  
  42  3:46  Probe  
  43  3:50  Twilight Council  
  43  3:53  Probe  
  44  3:58  Probe  
  45  4:05  Probe  
  46  4:10  Probe  
  46  4:11  Warp Prism  
  46  4:16  Gateway  
  47  4:17  Gateway  
  47  4:18  Adept  
  47  4:23  Probe  
  52  4:29  Probe, Templar Archives  
  53  4:34  Pylon  
  53  4:37  Probe  
  54  4:38  Pylon  
  54  4:52  Probe  
  55  4:55  Adept  
  55  4:57  Probe  
  58  5:05  Pylon  
  58  5:06  Probe  
  59  5:14  Nexus  
  59  5:15  High Templar x4  
  59  5:19  Archon  
  59  5:20  Probe, Archon  
  59  5:21  Pylon  
  68  5:22  Probe  
  68  5:23  Forge  
  68  5:28  Shield Battery  
  69  5:33  Probe  
  74  5:35  Probe  
  75  5:46  Probe  
  75  5:49  Zealot  
  78  5:50  Zealot x3  
  78  5:51  Probe  
Show
View Real Time Build Order
Export as new Build Order

Mixu Zerg 

Build Orders: Hatch First 

Get SALT Encoding   

  12  0:00  Drone  
  13  0:08  Drone  
  13  0:13  Extractor  
  13  0:14  Drone  
  15  0:21  Overlord  
  15  0:40  Drone  
  16  0:45  Hatchery  
  16  0:48  Drone  
  16  0:51  Drone  
  16  0:56  Drone  
  18  1:08  Extractor  
  17  1:14  Drone, Spawning Pool  
  17  1:17  Drone  
  18  1:26  Drone  
  19  1:38  Drone  
  20  1:48  Drone  
  21  2:01  Queen x2  
  21  2:02  Zergling x2, Overlord  
  21  2:08  Drone  
  27  2:09  Drone  
  27  2:11  Metabolic Boost  
  28  2:22  Drone x2  
  30  2:30  Drone x2  
  32  2:40  Drone  
  32  2:42  Hatchery  
  32  2:43  Overlord  
  32  2:49  Queen  
  34  2:54  Zergling x4  
  36  3:03  Drone  
  36  3:04  Drone  
  38  3:08  Overlord  
  38  3:09  Drone x2  
  38  3:11  Drone x3  
  43  3:19  Zergling x4  
  44  3:21  Evolution Chamber  
  42  3:32  Drone x2  
  44  3:36  Drone x2  
  45  3:44  Drone x6  
  51  3:52  Drone, Spore Crawler  
  51  3:55  Drone x2  
  53  3:59  Queen  
  53  4:01  Spore Crawler  
  54  4:05  Evolution Chamber  
  49  4:12  Drone x3  
  49  4:13  Drone x2  
  54  4:18  Drone x2  
  54  4:20  Drone x2  
  58  4:26  Overlord  
  58  4:33  Overlord  
  58  4:40  Overlord  
  58  4:42  Lair  
  58  4:45  Drone x6  
  63  4:48  Drone x2  
  65  4:55  Hatchery  
  65  4:57  Drone x2  
  66  5:05  Drone x3, Roach Warren  
  68  5:08  Drone x2, Extractor  
  68  5:10  Drone x2  
  68  5:11  Drone x2  
  68  5:14  Drone  
  74  5:20  Overlord  
  74  5:21  Drone x2  
  74  5:22  Drone x2, Extractor  
  74  5:23  Drone x2  
  74  5:24  Extractor  
  74  5:27  Zergling x2  
  79  5:33  Overlord  
  78  5:42  Zergling x14  
Tags
 
Add a new tag
Caveats
  • Supply blocks, unpowered buildings, or Contaminate may cause inaccurate times.
  • Supply counts are checked every 10 seconds.